Map: Shrines of Lizul

Players

ILIEKEGGPIE - Winner!

  • Race: Protoss Protoss
  • League: Platinum
  • Spawn Location: 3:00

festReasOn - Winner!

  • Race: Zerg Zerg
  • Spawn Location: 12:00

Кот

  • Race: Protoss Protoss
  • Spawn Location: 9:00

AlexisQueen

  • Race: Protoss Protoss
  • League: Master
  • Spawn Location: 6:00

VOD

Have the link to the VOD?

Description

Time

  • Played on: June 6, 2018, 10:51 p.m.
  • Length: 13:09
Show
View Real Time Build Order
Export as new Build Order

ILIEKEGGPIE Protoss - Winner!

Build Orders:  

Get SALT Encoding   

  12  0:01  Probe  
  13  0:13  Probe  
  14  0:22  Pylon  
  14  0:25  Probe  
  15  0:36  Probe  
  15  0:42  Gateway  
  16  0:44  Probe  
  17  0:52  Assimilator  
  17  0:57  Probe  
  18  1:09  Probe  
  18  1:10  Assimilator  
  19  1:21  Probe  
  20  1:32  Zealot  
  21  2:08  Cybernetics Core  
  21  2:10  Gateway  
  19  2:50  Probe  
  19  2:52  Shield Battery  
  19  2:53  Shield Battery  
  22  2:58  Probe  
  23  3:07  Pylon x2  
  23  3:08  Stalker  
  23  3:18  Pylon  
Show
View Real Time Build Order
Export as new Build Order

festReasOn Zerg - Winner!

Build Orders: Pool First 

Get SALT Encoding   

  12  0:02  Drone  
  13  0:10  Drone  
  14  0:18  Overlord  
  14  0:36  Drone  
  14  0:37  Drone x2  
  17  1:00  Extractor  
  16  1:11  Spawning Pool, Hatchery  
  14  1:20  Drone x3  
  17  1:35  Overlord  
  17  2:01  Queen  
  17  2:03  Roach Warren  
  18  2:09  Zergling x6  
  21  2:15  Metabolic Boost  
  21  2:27  Zergling x2  
  22  2:35  Drone  
  23  2:43  Roach  
  25  3:02  Roach  
  27  3:12  Roach  
  29  3:19  Roach  
  33  3:27  Roach  
  33  3:39  Roach, Spine Crawler  
  35  3:48  Roach  
  33  4:01  Roach  
  34  4:03  Drone  
  34  4:04  Overlord, Drone  
  36  4:21  Roach x2  
  36  4:35  Roach x3  
  40  4:55  Roach x2  
  42  5:02  Roach  
  44  5:08  Overlord  
  44  5:16  Overlord  
  44  5:25  Zergling x2  
  44  5:26  Zergling x2  
  44  5:35  Zergling x8  
  48  5:42  Zergling x4  
  50  5:49  Zergling x8  
  42  5:56  Zergling x2  
  39  5:58  Queen  
  39  6:02  Zergling x2  
  42  6:08  Zergling x2  
  43  6:22  Zergling x6  
  45  6:28  Roach  
  42  6:37  Zergling x2  
  42  6:38  Zergling x6  
  42  6:51  Zergling x6  
  45  6:57  Roach  
  47  7:05  Zergling x2  
  48  7:16  Roach x2  
  48  7:17  Roach  
  54  7:26  Lair  
  54  7:30  Roach x2  
  54  7:44  Roach x4  
  51  7:51  Roach  
  51  7:52  Roach  
  51  8:01  Overlord x2  
  49  8:06  Drone x6  
  49  8:09  Extractor  
  51  8:12  Drone  
  51  8:22  Evolution Chamber, Zergling x2  
  51  8:23  Roach, Zergling x2  
  54  8:31  Roach  
  56  8:34  Glial Reconstitution  
  56  8:41  Hydralisk Den  
  56  8:43  Zergling x8  
  59  8:54  Zergling x10  
  61  9:02  Zergling x2  
  56  9:08  Zergling x2  
  56  9:09  Zergling x8  
  61  9:12  Muscular Augments  
  61  9:15  Hydralisk  
  61  9:16  Hydralisk x2  
  65  9:24  Hydralisk x2  
  63  9:32  Zergling x2  
  63  9:44  Zergling x8  
  63  9:45  Zergling x4  
  69  10:04  Hatchery  
  66  10:07  Zergling x4  
  66  10:08  Zergling x8  
  72  10:15  Zerg Missile Weapons Level 1  
  72  10:17  Zergling x4  
  74  10:27  Overlord x3  
  67  10:43  Zergling x4  
  67  10:44  Zergling x8  
  73  10:56  Hydralisk x5  
  83  11:02  Zergling x2  
  76  11:21  Hydralisk x4  
  71  11:26  Roach  
  71  11:30  Queen  
  71  11:31  Drone  
  71  11:32  Drone  
  59  11:38  Zergling x4  
  58  11:43  Hydralisk x2  
  58  11:45  Zergling x2  
  58  11:52  Drone x2  
  60  12:06  Queen  
  63  12:08  Roach x2  
  63  12:09  Roach  
  64  12:18  Zergling x4  
  64  12:19  Zergling x4  
  59  12:30  Zergling x10  
  61  12:38  Roach  
  61  12:42  Zergling x2  
  61  12:43  Zergling x4  
Show
View Real Time Build Order
Export as new Build Order

Кот Protoss 

Build Orders:  

Get SALT Encoding   

  1  0:00  Probe  
  12  0:06  Probe  
  14  0:21  Pylon  
  14  0:25  Probe  
  15  0:41  Forge  
  15  1:02  Pylon  
  15  1:12  Probe  
  16  1:20  Probe  
  17  1:25  Photon Cannon  
  17  1:26  Photon Cannon  
  17  1:32  Pylon  
  17  1:34  Pylon  
  17  1:41  Pylon  
  15  2:20  Photon Cannon  
  15  2:33  Photon Cannon  
  15  2:34  Photon Cannon  
  15  2:41  Pylon  
  15  2:49  Photon Cannon  
  15  3:00  Photon Cannon  
  15  3:04  Photon Cannon  
  15  3:06  Photon Cannon  
  15  3:12  Photon Cannon  
  15  3:28  Pylon  
  15  3:33  Probe  
  16  3:42  Gateway, Probe  
  16  3:46  Assimilator  
  17  3:57  Photon Cannon  
  17  4:06  Photon Cannon  
  17  4:17  Photon Cannon  
  17  4:25  Photon Cannon  
  17  4:40  Cybernetics Core  
  17  4:50  Photon Cannon  
  17  4:59  Pylon  
  17  5:04  Probe  
  17  5:12  Probe  
  17  5:13  Assimilator  
  19  5:21  Probe  
  15  5:46  Probe  
  11  5:54  Probe  
  11  5:56  Pylon  
  13  6:04  Probe  
  5  6:51  Gateway  
Show
View Real Time Build Order
Export as new Build Order

AlexisQueen Protoss 

Build Orders: 1 Gate Expand 

Get SALT Encoding   

  12  0:02  Probe  
  13  0:14  Probe  
  13  0:19  Pylon  
  14  0:26  Probe  
  15  0:34  Probe  
  16  0:47  Probe  
  16  0:51  Gateway  
  17  0:57  Probe  
  17  1:02  Assimilator  
  18  1:05  Probe  
  19  1:13  Probe  
  20  1:31  Nexus  
  20  1:51  Pylon, Cybernetics Core  
  20  1:55  Probe  
  21  2:05  Assimilator  
  21  2:07  Probe  
  22  2:11  Pylon  
  22  2:19  Probe  
  23  2:31  Probe  
  23  2:35  Warp Gate  
  24  2:38  Robotics Facility  
  24  2:42  Adept  
  24  2:44  Probe  
  27  2:56  Probe  
  24  3:06  Adept  
  26  3:23  Immortal  
  30  3:36  Adept  
  29  4:14  Assimilator  
  29  4:15  Assimilator  
  29  4:16  Pylon  
  29  4:18  Pylon  
  29  4:30  Probe  
  29  4:38  Probe  
  31  4:47  Probe  
  31  4:49  Adept  
  34  4:55  Gateway  
  34  4:56  Gateway  
  34  4:59  Gateway, Probe  
  35  5:04  Nexus  
  35  5:11  Probe  
  36  5:23  Probe  
  36  5:24  Stalker  
  39  5:35  Probe  
  40  5:47  Probe  
  47  6:00  Stalker  
  47  6:01  Probe  
  44  6:13  Probe  
  45  6:25  Probe  
  46  6:28  Immortal  
  46  6:31  Adept x4  
  44  6:52  Stalker  
  44  6:53  Stalker x3  
  50  7:02  Immortal  
  47  7:21  Probe  
  48  7:25  Stalker x2  
  48  7:26  Stalker x2  
  56  7:44  Probe  
  56  7:48  Immortal  
  45  8:06  Adept  
  45  8:07  Adept x3  
  53  8:38  Stalker  
  55  8:44  Nexus  
  55  8:51  Pylon  
  55  8:52  Pylon  
  55  8:54  Pylon  
  51  8:57  Pylon  
  51  8:59  Pylon  
  47  9:07  Sentry  
  47  9:08  Sentry  
  47  9:09  Stalker x2  
  49  9:41  Stalker x2  
  49  9:42  Stalker x2  
  57  9:55  Probe x2  
  59  10:03  Probe x2  
  59  10:04  Immortal  
  60  10:12  Probe  
  60  10:13  Probe  
  61  10:19  Sentry  
  61  10:20  Sentry  
  71  10:26  Probe  
  71  10:28  Assimilator  
  71  10:30  Assimilator, Probe  
  67  10:41  Stalker  
  67  10:48  Stalker x2  
  71  10:52  Adept  
  64  11:06  Sentry  
  42  11:47  Immortal  
  40  11:49  Adept  
  40  11:50  Adept x3  
  28  12:31  Stalker  
  28  12:32  Stalker x3  
  30  12:54  Stalker  
  30  12:55  Stalker x2  
  30  12:56  Stalker  
Tags
 
Add a new tag
Caveats
  • Supply blocks, unpowered buildings, or Contaminate may cause inaccurate times.
  • Supply counts are checked every 10 seconds.